 Dungeon Crawl Stone Soup version 0.23.2-30-g0e89c35649 (webtiles) character file.

Game seed: 8115363010943373270

187 Artanis the Skirmisher (level 5, -5/48 HPs)
             Began as a Hill Orc Fighter on June 22, 2019.
             Slain by Sigmund
             ... wielding a +2 scythe of flaming
              (7 damage)
             ... on level 3 of the Dungeon.
             The game lasted 00:14:08 (2366 turns).

Artanis the Skirmisher (Hill Orc Fighter)           Turns: 2366, Time: 00:14:08

Health: -5/48      AC:  9    Str: 19    XL:     5   Next: 66%
Magic:  5/5        EV:  7    Int:  9    God:
Gold:   26         SH:  9    Dex: 10    Spells: 4/4 levels left

rFire    . . .     SeeInvis .   a - +0 war axe
rCold    . . .     Gourm    .   c - +0 shield
rNeg     . . .     Faith    .   b - +0 scale mail
rPois    .         Spirit   .   (no helmet)
rElec    .         Reflect  .   (no cloak)
rCorr    .         Harm     .   h - +0 pair of gloves
MR       .....                  l - +0 pair of boots
Stlth    +.........             g - amulet of rage
HPRegen  0.16/turn              i - ring of stealth
MPRegen  0.09/turn              (no ring)

@: no status effects
A: no striking features
a: Evoke Berserk Rage


You were on level 3 of the Dungeon.
You were not hungry.

You visited 1 branch of the dungeon, and saw 3 of its levels.

You collected 26 gold pieces.

Inventory:

Hand Weapons
 a - a +0 war axe (weapon)
 k - a +0 mace
Missiles
 o - 35 sling bullets
Armour
 b - a +0 scale mail (worn)
 c - a +0 shield (worn)
 h - a +0 pair of gloves (worn)
 l - a +0 pair of boots (worn)
Jewellery
 g - an amulet of rage (around neck)
 i - a ring of stealth (left hand)
Wands
 m - a wand of disintegration (15)
Scrolls
 e - a scroll of teleportation {unknown}
 n - a scroll of blinking {unknown}
 q - a scroll of magic mapping {unknown}
 r - a scroll of enchant weapon {unknown}
 u - a scroll of remove curse {unknown}
Potions
 d - a potion of might
 j - a potion of heal wounds {unknown}
 p - 3 potions of lignification {unknown}
 s - 2 potions of brilliance {unknown}
 t - a potion of curing {unknown}
Comestibles
 f - 5 rations


   Skills:
 + Level 5.2 Fighting
 + Level 4.8 Axes
 + Level 4.7 Armour
 - Level 3.2 Shields


You had 4 spell levels left.
You didn't know any spells.
Your spell library was empty.

Dungeon Overview and Level Annotations

Branches:
Dungeon (3/15)

Altars:
Kikubaaqudgha

Annotations:
D:3 Sigmund


Message History

You miss something. Something hits you! Something burns you.
You hit something but do no damage. Something hits you. Something burns you.
You miss something. Something hits you but does no damage.
You hit something.
You hear some strange, mumbled words.
Something tries to affect you, but you resist.
You hit something. Something hits you. Something burns you.
You closely miss something. Something hits you. Something burns you.
* * * LOW HITPOINT WARNING * * *
You closely miss something. Something hits you.
* * * LOW HITPOINT WARNING * * *
Something burns you.
* * * LOW HITPOINT WARNING * * *
You slash something! Something hits you.
* * * LOW HITPOINT WARNING * * *
Something burns you.
* * * LOW HITPOINT WARNING * * *
You barely miss something. Something hits you but does no damage.
You slash something! Something hits you!
You die...

.....## #..# #.....#
####..###.###############.....#
#........#...........†.......#
#.##<##.##.#############.....#
##.##.##....# #.....#
.#.##.#...### # #.....#
..(...#.### #.## #.....#
.#####..# ###...#####.####
.....)÷.# ###@{.....##..#
####...## ##...####.###.##
####...# #..### #.# #.#
#.)....#..###.## #..##.#
..##.......[..##### #....#
#####.##..###.....# ##..## #
#.....## #####.# #.##
###...#### #.# ###.#### #.....#
#.# #......#


There were no monsters in sight!

Vanquished Creatures
  Natasha (D:3)
  An orc wizard (D:3)
  4 gnolls (D:2)
  2 adders (D:2)
  2 oozes
  A worm (D:3)
  3 dart slugs
  2 leopard geckos
  2 orcs (D:3)
  A ball python (D:3)
  8 bats
  A giant cockroach (D:1)
  8 goblins
  4 hobgoblins
  4 jackals (D:1)
  9 kobolds
  3 frilled lizards (D:1)
  7 rats
63 creatures vanquished.

Notes
Turn   | Place    | Note
-------+----------+-------------------------------------------
     0 | D:1      | Artanis the Hill Orc Fighter began the quest for the Orb.
     0 | D:1      | Reached XP level 1. HP: 19/19 MP: 1/1
    59 | D:1      | Reached XP level 2. HP: 27/27 MP: 2/2
    74 | D:1      | Reached skill level 4 in Fighting
   163 | D:1      | Reached XP level 3. HP: 33/33 MP: 3/3
   910 | D:2      | Found an ancient bone altar of Kikubaaqudgha.
  1064 | D:2      | Reached XP level 4. HP: 38/41 MP: 4/4
  1841 | D:2      | Reached XP level 5. HP: 47/47 MP: 5/5
  2002 | D:3      | Reached skill level 5 in Fighting
  2041 | D:3      | Noticed Natasha
  2048 | D:3      | Killed Natasha
  2347 | D:3      | Noticed Sigmund
  2364 | D:3      | HP: 2/48 [something (2)]
  2366 | D:3      | Slain by Sigmund

Skill      XL: |  1  2  3  4  5 |
---------------+----------------+-----
Axes           | 3 4 |  4.8
Fighting       | 4 5 |  5.2
Armour         | 4 |  4.7
Shields        | |  3.2

Action                   |  1- 3 |  4- 6 || total
-------------------------+-------+-------++-------
Melee: War axe           |   109 |   102 ||   211
  Eat: Ration            |     1 |     1 ||     2
Armor: Scale mail        |    51 |    28 ||    79
Dodge: Dodged            |    37 |    26 ||    63
Block: Shield            |    63 |    45 ||   108
